 Dungeon Crawl Stone Soup version 0.28-a0-695-gff09746 (webtiles) character file.

Game seed: 17228125645711269124

758 Nithhogg the Cleaver (level 7, 0/102 HPs)
             Began as a Hill Orc Fighter on Oct 22, 2021.
             Slain by a wyvern (11 damage)
             ... on level 5 of the Dungeon.
             The game lasted 00:05:48 (3861 turns).

Nithhogg the Cleaver (Hill Orc Fighter)             Turns: 3861, Time: 00:05:48

Health: 0/102      AC: 23    Str: 18 (21) XL:     7   Next: 80%
Magic:  7/7        EV:  2    Int:  6 (8)  God:
Gold:   194        SH:  0    Dex:  8 (10) Spells: 6/6 levels left

rFire   . . .      SeeInvis .   a - +0 war axe
rCold   . . .      Faith    .   (no shield)
rNeg    . . .      Spirit   .   (armour currently unavailable)
rPois   +          Reflect  .   (helmet currently unavailable)
rElec   .          Harm     .   (cloak currently unavailable)
rCorr   .          Rampage  .   (gloves currently unavailable)
Will    .....      NoTele   +   (boots currently unavailable)
Stlth   +.........              k - amulet of regeneration
HPRegen 1.27/turn               (no ring)
MPRegen 0.10/turn               (no ring)

@: tree-form
A: stationary, stasis, torment immunity, boosted hp
a: no special abilities


You were on level 5 of the Dungeon.
You were a tree.
You visited 1 branch of the dungeon, and saw 5 of its levels.

You collected 194 gold pieces.

Inventory:

Hand Weapons
 a - a +0 war axe (weapon)
Armour
 b - a +0 scale mail
 c - a +0 buckler
 f - a +0 plate armour (melded)
Jewellery
 h - an amulet of magic regeneration
 k - an amulet of regeneration (around neck)
 m - a ring of magical power
Wands
 q - a wand of flame (1) (quivered)
 s - a wand of polymorph (1)
 v - a wand of iceblast (4)
Scrolls
 e - 5 scrolls of teleportation
 i - 2 scrolls of magic mapping {unknown}
 l - a scroll of fear {unknown}
 n - 2 scrolls of identify {unknown}
 p - a scroll of acquirement {unknown}
 r - a scroll of amnesia {unknown}
 u - a scroll of fog {unknown}
 w - a scroll of noise {unknown}
 x - a scroll of blinking {unknown}
 y - a scroll of holy word {unknown}
Potions
 d - a potion of might
 o - a potion of ambrosia {unknown}
 t - a potion of haste {unknown}


   Skills:
 + Level 8.0 Fighting
 + Level 8.2 Axes
 - Level 3.2 Armour
 - Level 3.2 Shields


You had 6 spell levels left.
You didn't know any spells.
Your spell library contained the following spells:

 Spells                   Type           Power      Damage    Failure   Level
 Ozocubu's Armour         Ice            0%         N/A       83%         3
 Petrify                  Tmut/Erth      0%         N/A       99%         4
 Metabolic Englaciation   Hex/Ice        0%         N/A       100%        5
 Statue Form              Tmut/Erth      0%         N/A       100%        6
 Ozocubu's Refrigeration  Ice            0%         4d5       100%        7


Dungeon Overview and Level Annotations

Branches:
Dungeon (5/15)
 Temple: D:4-7

Altars:
Gozag
Nemelex Xobeh
Sif Muna
Wu Jian
Xom


Message History

The wyvern bites you but does no damage.
The wyvern closely misses you.
Aiming: Throw Flame
Press: ? - help, Q - select action, (/) - cycle Shift-Dir - straight line, f/p - wyvern
Aim: a wyvern (severely wounded, 68% to hit)
The puff of flame hits the wyvern.
The wyvern is almost dead.
The wyvern bites you but does no damage.
Aiming: Throw Flame
Press: ? - help, Q - select action, (/) - cycle Shift-Dir - straight line, f/p - wyvern
Aim: a wyvern (almost dead, 68% to hit)
The puff of flame hits the wyvern but does no damage.
The wyvern is almost dead.
The wyvern bites you!
The wyvern bites you but does no damage.
Aiming: Throw Flame
Press: ? - help, Q - select action, (/) - cycle Shift-Dir - straight line, f/p - wyvern
Aim: a wyvern (almost dead, 68% to hit)
The puff of flame hits the wyvern but does no damage.
The wyvern is almost dead.
The wyvern bites you.
Aiming: Throw Flame
Press: ? - help, Q - select action, (/) - cycle Shift-Dir - straight line, f/p - wyvern
Aim: a wyvern (almost dead, 68% to hit)
The puff of flame hits the wyvern.
The wyvern is almost dead.
The wyvern bites you!
* * * LOW HITPOINT WARNING * * *
The wyvern bites you!
* * * LOW HITPOINT WARNING * * *
The wyvern bites you but does no damage.
It was a potion of degeneration.
There was something very wrong with that liquid.
You feel weakened.
You feel dopey.
You feel clumsy. The wyvern bites you.
* * * LOW HITPOINT WARNING * * *
It was a potion of lignification.
You turn into a tree.
Your +0 plate armour melds into your body.
Your roots penetrate the ground.
The wyvern bites you!
You die...

......#.#.#.#.#............#
.##.#..............##......######
###.#.#.##+##.#....#######.......
###.#...#...#..#<..# #.#####.
....#.#.'...'.##...# #.#...#.
####....#...#......# #.#.....
......#(##'##.#.b..# #.#...#.
...............#...# #.......
#.....#.#.#.#.##♣..#######.......
...............l...........#..##.
.................................
###)....#.................[#####.
........(######...#######.#####.
.......### #...# #.......
...####.# #...# ##.≈.≈≈≈ ##. .#
#...# #.≈..§§ #...# #.§≈≈§≈


You could see a wyvern.

Vanquished Creatures
  A sky beast (D:5)
  2 necrophages (D:4)
  A howler monkey (D:5)
  4 hounds
  An orc priest (D:5)
  Ijyb (D:4)
  3 orc wizards (D:5)
  14 adders
  A white imp (D:5)
  An adder skeleton (D:5)
  5 orcs
  6 bats
  7 endoplasms
  3 giant cockroaches
  4 hobgoblins
  4 jackals
  4 quokkas
  9 ball pythons
  5 frilled lizards
  5 goblins
  4 kobolds
  3 rats
88 creatures vanquished.

Vanquished Creatures (others)
  10 plants (D:2)
10 creatures vanquished.

Grand Total: 98 creatures vanquished

Notes
Turn   | Place    | Note
-------+----------+-------------------------------------------
     0 | D:1      | Nithhogg the Hill Orc Fighter began the quest for the Orb.
     0 | D:1      | Reached XP level 1. HP: 19/19 MP: 1/1
   126 | D:1      | Reached XP level 2. HP: 21/27 MP: 2/2
   196 | D:1      | Found a faded altar of an unknown god.
   719 | D:2      | Reached XP level 3. HP: 31/34 MP: 3/3
   974 | D:2      | Reached XP level 4. HP: 38/41 MP: 4/4
  1124 | D:2      | Reached skill level 5 in Fighting
  1675 | D:3      | Found a sparkling altar of Nemelex Xobeh.
  1746 | D:3      | Reached skill level 5 in Axes
  1746 | D:3      | Reached XP level 5. HP: 44/48 MP: 5/5
  2722 | D:4      | Noticed a necrophage
  2734 | D:4      | Killed a necrophage
  2735 | D:4      | Reached XP level 6. HP: 55/57 MP: 6/6
  2783 | D:4      | Noticed Ijyb
  2798 | D:4      | Killed Ijyb
  2935 | D:4      | Noticed a necrophage
  2946 | D:4      | Killed a necrophage
  3304 | D:5      | Entered Level 5 of the Dungeon
  3380 | D:5      | Reached XP level 7. HP: 63/66 MP: 7/7
  3394 | D:5      | Found a shimmering altar of Xom.
  3481 | D:5      | Found an opulent altar of Gozag.
  3489 | D:5      | Found a shimmering blue altar of Sif Muna.
  3535 | D:5      | Found an ornate altar of the Wu Jian Council.
  3842 | D:5      | Noticed a wyvern
  3856 | D:5      | HP: 3/68 [wyvern (9)]
  3861 | D:5      | Slain by a wyvern

Illustrated notes

Levels and vault maps discovered:
D:1:      saegor_arrival_simple_e, layout_loops_cross,
          hellmonk_ecumenical_altar_heavens_door
D:2:      layout_loops_ring, serial_bayou, serial_bayou_pond_d,
          serial_bayou_shore_a, serial_bayou_pond_d, serial_bayou_pond_e,
          serial_bayou_pond_d, grunt_ministairs_8
D:3:      layout_basic, mainiacjoe_overflow_paths
D:4:      layout_basic, uniq_ijyb
D:5:      layout_loops_cross, nicolae_wu_jian_wuxing_cycle,
          mainiacjoe_overflow_large_starburst, mainiacjoe_overflow_brackets,
          minmay_temple_entry_butterflies, minmay_misc_feat_ornament,
          minmay_misc_feat_doors

Skill      XL: |  1  2  3  4  5  6  7 |
---------------+----------------------+-----
Axes           | 3 4 5 6 7 8 |  8.2
Fighting       | 4 5 6 7 8 |  8.0
Armour         | |  3.2
Shields        | |  3.2

Action                   |  1- 3 |  4- 6 |  7- 9 || total
-------------------------+-------+-------+-------++-------
Melee: War axe           |   110 |   165 |    54 ||   329
Evoke: Wand              |       |       |     9 ||     9
  Use: Scroll            |     1 |       |       ||     1
       Potion            |       |       |     2 ||     2
Armor: Scale mail        |    15 |       |       ||    15
       Plate armour      |    88 |   125 |    44 ||   257
Dodge: Dodged            |    55 |    51 |    26 ||   132

Table legend: (Time is in decaauts)
 A = Elapsed time spent in this place.
 B = Non-inter-level travel time spent in this place.
 C = Inter-level travel time spent in this place.
 D = Time resting spent in this place.
 E = Time spent auto-exploring this place.
 F = Levels seen in this place.
 G = Mean time per level.
                   A        B        C        D        E       F      G
               +--------+--------+--------+--------+--------+-----+--------+
         Total |   3960 |   3850 |    110 |      0 |   3086 |   5 |  792.0 |
       Dungeon |   3960 |   3850 |    110 |      0 |   3086 |   5 |  792.0 |
               +--------+--------+--------+--------+--------+-----+--------+

Top non-repeatable levels by time:
     D:3: 999 daAuts
     D:2: 963 daAuts
     D:4: 724 daAuts
     D:1: 710 daAuts
     D:5: 563 daAuts
